AoeStats
← Red Calypso

Lombardia

508884633Analyzed
4v4 RM · 8d ago on Sep 24, 2026· 42m 25s· 8 players
Game mode
Random Map
Map size
Large (8 player)
Population
200
Speed
Normal
Resources
Standard
Victory
Conquest
Starting age
Dark Age
Ending age
Imperial Age
RankedLock teamsTeams togetherTeam positionsShared explorationLock speedFull tech treeHidden civsTurbo modeCheats
Victory
Defeat
🇨🇳 Britons · China
1428
+16
🇨🇳 Poles · China
1417
+16
🇨🇳 Franks · China
1379
+18
🇹🇷 Huns · Türkiye
1367
+19
🇪🇸 Varangians · Spain
1448
-18
🇦🇹 Danes · Austria
1426
-17
🇩🇪 Mongols · Germany
1421
-17
🇩🇪 Persians · Germany
1406
-17
卫星点灯
12:16 Feudal Age
16:21 Castle Age
14:35 Double-Bit Axe
15:03 Horse Collar
16:54 Wheelbarrow
17:22 Bow Saw
19:19 Heavy Plow
24:34 Hand Cart
29:18 Imperial Age
26:36 Town Watch
27:24 Stone Mining
27:26 Gold Mining
27:58 Fortified Wall
28:20 Scale Barding Armor
28:26 Forging
29:02 Stone Shaft Mining
28:32 Loom
30:18 Chain Barding Armor
30:33 Iron Casting
31:38 Crop Rotation
30:46 Cavalier
31:27 Husbandry
31:37 Bloodlines
30:48 Light Cavalry
32:30 Szlachta Privileges
32:45 Conscription
32:46 Lechitic Legacy
32:50 Conscription
35:19 Blast Furnace
34:11 Fletching
34:01 Winged Hussar
35:11 Town Patrol
36:18 Chemistry
36:46 Bodkin Arrow
37:16 Ballistics
38:44 Capped Ram
39:56 Siege Ram
Yokolucu
6:44 Loom
9:44 Feudal Age
10:16 Double-Bit Axe
11:38 Horse Collar
20:50 Castle Age
19:21 Scale Barding Armor
20:03 Bloodlines
19:59 Gold Mining
21:52 Bow Saw
21:57 Heavy Plow
23:45 Chain Barding Armor
25:30 Forging
25:58 Husbandry
28:24 Iron Casting
35:12 Imperial Age
33:19 Wheelbarrow
33:30 Gold Shaft Mining
35:16 Caravan
36:39 Conscription
35:41 Cavalier
36:59 Plate Barding Armor
37:14 Hand Cart
36:44 Town Watch
37:00 Paladin
40:05 Blast Furnace
归来仍只会种田
6:03 Loom
8:33 Feudal Age
9:06 Double-Bit Axe
12:21 Gold Mining
13:20 Fletching
15:25 Padded Archer Armor
15:48 Horse Collar
22:51 Castle Age
22:54 Crossbowman
23:29 Bodkin Arrow
24:05 Bow Saw
26:12 Ballistics
38:17 Imperial Age
36:23 Wheelbarrow
36:34 Heavy Plow
37:21 Gold Shaft Mining
37:56 Fervor
38:10 Caravan
38:23 Stone Mining
39:11 Hand Cart
38:53 Arbalester
39:37 Bracer
40:46 Chemistry
乌合之众
10:34 Feudal Age
11:51 Loom
16:26 Castle Age
14:32 Loom
16:12 Double-Bit Axe
18:09 Forging
20:26 Scale Barding Armor
21:27 Wheelbarrow
23:15 Chain Barding Armor
23:46 Husbandry
26:18 Iron Casting
35:18 Imperial Age
33:47 Gold Mining
35:24 Cavalier
37:01 Plate Barding Armor
37:48 Blast Furnace
37:52 Hand Cart
40:17 Paladin
Red Calypso
8:40 Loom
10:47 Feudal Age
11:32 Double-Bit Axe
18:25 Castle Age
16:54 Horse Collar
19:51 Bow Saw
22:01 Wheelbarrow
22:39 Scale Mail Armor
28:18 Town Watch
33:25 Redemption
36:33 Squires
37:54 Pikeman
38:51 Chain Mail Armor
38:47 Forging
44:20 Imperial Age
4k1m
6:50 Loom
8:50 Feudal Age
9:36 Horse Collar
9:42 Double-Bit Axe
21:11 Castle Age
20:43 Gold Mining
20:50 Fletching
21:13 Bloodlines
22:20 Bodkin Arrow
22:58 Husbandry
29:28 Ballistics
31:54 Padded Archer Armor
39:39 Imperial Age
37:43 Stone Mining
38:59 Leather Archer Armor
40:55 Bracer
40:38 Heavy Cavalry Archer
42:35 Chemistry
42:43 Thumb Ring
KickersEmden_AoE
10:36 Feudal Age
14:11 Castle Age
12:58 Double-Bit Axe
12:57 Horse Collar
14:48 Bow Saw
15:39 Wheelbarrow
29:16 Imperial Age
28:02 Scale Barding Armor
28:08 Forging
29:26 Chain Barding Armor
29:18 Bloodlines
30:16 Iron Casting
29:09 Cavalier
32:06 Plate Barding Armor
35:38 Hand Cart
38:02 Blast Furnace
37:38 Savar
Don Roscon
6:23 Loom
7:24 Loom
9:44 Feudal Age
10:20 Double-Bit Axe
10:17 Horse Collar
13:03 Bloodlines
19:52 Castle Age
18:31 Scale Barding Armor
18:44 Gold Mining
19:06 Forging
21:22 Bow Saw
22:28 Chain Barding Armor
30:50 Husbandry
31:58 Heavy Plow
41:32 Imperial Age
39:39 Wheelbarrow
41:54 Cavalier
43:14 Plate Barding Armor
Connection lost

Rejoining the realm…

Still unreachable

The connection could not be restored.

Session expired

The server has moved on; the page needs a fresh start.